 Dungeon Crawl Stone Soup version 0.25.1-9-gc5326a611f (webtiles) character file.

Game seed: 16769360046417847475

52 theanonym the Vexing (level 3, -1/27 HPs)
             Began as a Mummy Enchanter on Sept 1, 2021.
             Slain by a gnoll
             ... wielding a +0 spear
              (6 damage)
             ... on level 2 of the Dungeon.
             The game lasted 00:03:05 (2211 turns).

theanonym the Vexing (Mummy Enchanter)              Turns: 2211, Time: 00:03:05

Health: -1/27      AC:  6    Str: 12    XL:     3   Next: 60%
Magic:  7/7        EV: 10    Int: 14    God:
Gold:   33         SH:  0    Dex: 12    Spells: 6/7 levels left

rFire    x . .     SeeInvis .   a - +1 dagger
rCold    + . .     Gourm    .   (no shield)
rNeg     + + +     Faith    .   f - +0 ring mail
rPois    ∞         Spirit   .   (no helmet)
rElec    .         Reflect  .   (no cloak)
rCorr    .         Harm     .   (no gloves)
MR       .....                  c - +0 pair of boots
Stlth    +.........             (no amulet)
HPRegen  0.09/turn              (no ring)
MPRegen  0.10/turn              (no ring)

@: no status effects
A: no food or potions, fire vulnerability, cold resistance 1, negative energy
resistance 3, torment resistance, unbreathing
a: no special abilities


Innate Abilities, Weirdness & Mutations

You do not eat or drink.
Your flesh is vulnerable to fire.
You are immune to poison.
Your flesh is cold resistant. (rC+)
You are immune to negative energy. (rN+++)
You are immune to unholy pain and torment.
You can survive without breathing.


   Skills:
 * Level 1.8 Fighting
 * Level 2.3 Short Blades
 - Level 1.5 Dodging
 - Level 2.4 Stealth
 - Level 2.6 Spellcasting
 - Level 2.6 Hexes


You had 6 spell levels left.
You knew the following spells:

 Your Spells              Type           Power        Failure   Level  Hunger
a - Corona                Hex            #......      17%         1    N/A

Your spell library contained the following spells:

 Spells                   Type           Power        Failure   Level  Hunger
 Ensorcelled Hibernation  Hex/Ice        #.....       41%         2    N/A
 Confusing Touch          Hex            #.......     45%         3    N/A
 Tukima's Dance           Hex            #.......     45%         3    N/A
 Dazzling Flash           Conj/Hex       #.....       65%         3    N/A

Skill      XL: |  1  2  3 |
---------------+----------+-----
Short Blades   | 1 2 |  2.3
Fighting       | 1 |  1.8
Dodging        | |  1.5
Stealth        | |  2.4
Spellcasting   | |  2.6
Hexes          | |  2.6

Action                   || total
-------------------------++-------
Melee: Dagger            ||   168
 Stab: Sleeping          ||     1
Armor: Ring mail         ||    47
Dodge: Dodged            ||    72

Inventory:

Hand Weapons
 a - a +1 dagger (weapon)
Armour
 b - a +0 robe
 c - a +0 pair of boots (worn)
 f - a +0 ring mail (worn)
Scrolls
 d - 2 scrolls of teleportation {unknown}
 e - a scroll of remove curse {unknown}
 g - a scroll of fear {unknown}
 h - a scroll of amnesia {unknown}


You were on level 2 of the Dungeon.
You were not hungry.

You visited 1 branch of the dungeon, and saw 2 of its levels.

You collected 33 gold pieces.

Dungeon Overview and Level Annotations

Branches:
Dungeon (2/15)

Altars:

......##.........................
............................#####
......##.g.................#
.........................#
...###....................
...###..#..#............#.
.....#....#.......(.
..#......gg.######## #
#........@# #.........#
#.........##### #(..>..........
.........<..#### ..############ .


You could see 3 gnolls.

Notes
Turn   | Place    | Note
-------+----------+-------------------------------------------
     0 | D:1      | theanonym the Mummy Enchanter began the quest for the Orb.
     0 | D:1      | Reached XP level 1. HP: 13/13 MP: 4/4
   314 | D:1      | HP: 7/14 [kobold/+0 club (5)]
   319 | D:1      | HP: 3/14 [kobold/+0 club (3)]
   322 | D:1      | HP: 1/14 [kobold/+0 club (1)]
   323 | D:1      | Reached skill level 1 in Short Blades
   711 | D:1      | HP: 7/14 [goblin/+0 club (7)]
   721 | D:1      | HP: 6/14 [goblin/+0 club (2)]
   740 | D:1      | Reached skill level 1 in Fighting
   935 | D:1      | Reached XP level 2. HP: 18/21 MP: 5/5
  1385 | D:1      | Reached XP level 3. HP: 24/26 MP: 7/7
  1521 | D:2      | Reached skill level 2 in Short Blades
  1541 | D:2      | HP: 9/27 [worm (9)]
  1839 | D:2      | HP: 4/27 [gnoll/+0 halberd (12)]
  1839 | D:2      | HP: 1/27 [gnoll/+0 spear (3)]
  2201 | D:2      | HP: 10/27 [gnoll/+0 whip (7)]
  2209 | D:2      | HP: 5/27 [gnoll/+0 whip (6)]
  2211 | D:2      | Slain by a gnoll

Vanquished Creatures
  An adder (D:2)
  An ooze (D:1)
  3 dart slugs (D:1)
  A giant cockroach (D:1)
  4 goblins
  5 hobgoblins
  3 jackals (D:2)
  4 kobolds (D:1)
  A quokka (D:2)
  A bat (D:1)
  5 frilled lizards
  4 rats
33 creatures vanquished.

Table legend:
 A = Turns spent in this place as a percentage of turns spent in the entire game.
 B = Non-inter-level travel turns spent in this place as a percentage of non-inter-level travel turns spent in the entire game.
 C = Inter-level travel turns spent in this place as a percentage of turns spent in this place.
 D = Turns resting spent in this place as a percentage of non-inter-level travel turns spent in this place.
 E = Turns spent auto-exploring this place as a percentage of non-inter-level travel turns spent in this place.
 F = Non-inter-level travel turns spent in this place divided by the number of levels of this place that you've seen.
                   A       B       C       D       E      F
               +-------+-------+-------+-------+-------+----------------------
         Total | 100.0 | 100.0 |   2.9 |  61.6 |  18.8 | 1073.0
       Dungeon | 100.0 | 100.0 |   2.9 |  61.6 |  18.8 | 1073.0
               +-------+-------+-------+-------+-------+----------------------
